 Dungeon Crawl Stone Soup version 0.24.1-8-ga250c9d538 (webtiles) character file.

Game seed: 4171298269494761922, levelgen mode: deterministic

3978 Hugehornet the Martial Artist (level 10, -3/62 HPs)
             Began as an Octopode Transmuter on May 6, 2020.
             Was a Believer of Cheibriados.
             Slain by a wyvern (20 damage)
             ... on level 9 of the Dungeon.
             The game lasted 00:26:48 (9118 turns).

Hugehornet the Martial Artist (Octopode Transmuter) Turns: 9118, Time: 00:26:50

Health: -3/62      AC:  3    Str: 15    XL:     10   Next: 22%
Magic:  12/16      EV: 15    Int: 23    God:    Cheibriados [**....]
Gold:   390        SH:  6    Dex: 18    Spells: 2/17 levels left

rFire    . . .     SeeInvis .     - Unarmed
rCold    . . .     Gourm    .   (shield currently unavailable)
rNeg     . . .     Faith    .   (helmet restricted)
rPois    .         Spirit   .   f - +6 amulet of reflection
rElec    .         Reflect  +   l - ring of wizardry
rCorr    +         Harm     .   r - ring of resist corrosion
MR       .....                  (no ring)
Stlth    +++.......             (no ring)
HPRegen  0.60/turn              (no ring)
MPRegen  0.15/turn              (no ring)
                                (no ring)
                                (no ring)

@: blade tentacles, very slow
A: almost no armour, stealthy swim, amphibious, 8 rings, constrict 8, tentacle
spike 1, slimy green scales 1, camouflage 1, regeneration 1, gelatinous body 1
a: End Transformation, Bend Time, Renounce Religion


You were on level 9 of the Dungeon.
You worshipped Cheibriados.
Cheibriados was pleased with you.
You were not hungry.
You had blades for tentacles.
You visited 2 branches of the dungeon, and saw 10 of its levels.
You also visited: Sewer.

You collected 390 gold pieces.

Inventory:

Missiles
 a - 105 arrows
Jewellery
 f - a +6 amulet of reflection (around mantle)
 l - a ring of wizardry (left scythe-like blade)
 r - a ring of resist corrosion (right scythe-like blade)
 w - an uncursed ring of fire
 x - an uncursed ring of fire
 y - an uncursed amulet of guardian spirit
Wands
 g - a wand of paralysis (5)
 t - a wand of flame (14)
 A - a wand of iceblast (5)
Scrolls
 b - 2 scrolls of remove curse
 d - 7 scrolls of teleportation
 e - a scroll of amnesia
 j - 5 scrolls of magic mapping
 o - 2 scrolls of fear
 p - 5 scrolls of blinking
 u - a scroll of enchant armour
 v - 2 scrolls of enchant weapon
 B - a scroll of fog {unknown}
Potions
 h - 5 potions of flight
 i - a potion of invisibility
 k - a potion of ambrosia
 m - 2 potions of magic
 n - 2 potions of might
 q - a potion of heal wounds
 s - 6 potions of curing
Comestibles
 c - 11 rations
 z - 2 chunks of flesh


   Skills:
 * Level 2.8 Fighting
 * Level 3.4 Dodging
 - Level 10.8 Unarmed Combat
 + Level 4.3 Spellcasting
 - Level 7.0 Transmutations
 - Level 3.0 Ice Magic
 - Level 1.0 Poison Magic
 * Level 2.8 Invocations


You had 2 spell levels left.
You knew the following spells:

 Your Spells              Type           Power        Failure   Level  Hunger
a - Beastly Appendage     Tmut           #####.       4%          1    None
b - Sticks to Snakes      Tmut           #####...     6%          2    None
c - Spider Form           Tmut/Pois      ###.......   16%         3    ##.....
d - Ice Form              Ice/Tmut       ####....     24%         4    ####...
e - Blade Hands           Tmut           #####.....   26%         5    #####..

Your spell library contained the following spells:

 Spells                   Type           Power        Failure   Level  Hunger


Dungeon Overview and Level Annotations

Branches:
Dungeon (9/15)             Temple (1/1) D:7           Sewer (visited)
   Lair: D:8-11         Orc: D:9-12

Altars:
Ashenzari
Cheibriados
Dithmenos
Elyvilon
Fedhas
Gozag
Hepliaklqana
Kikubaaqudgha
Makhleb
Nemelex Xobeh
Okawaru
Qazlal
Ru
Sif Muna
Trog
Uskayaw
Vehumet
Wu Jian
Xom
Yredelemnul
Zin
The Shining One

Shops:
D:5 (   D:8 (

Annotations:
D:6 2 transporters, yogakurto's ghost, novice DsFi


Innate Abilities, Weirdness & Mutations

You cannot wear most types of armour.
You are very stealthy in the water. (Stealth+)
You are amphibious.
You can wear up to eight rings at the same time.
You can use your tentacles to constrict eight enemies at once.
Your skin changes colour to match your surroundings (Stealth+).
Your rubbery body absorbs attacks. (AC +1, EV +1)
One of your tentacles bears a spike.
You are partially covered in slimy green scales. (AC +2)
Your natural rate of healing is unusually fast.


Message History

The troll bites you! The troll barely misses you.
The troll claws you but does no damage.
You slash the troll!
You pierce the troll, but do no damage.
You squeeze the troll, but do no damage.
The troll is moderately wounded.
The troll bites you! The troll misses you. x2
You barely miss the troll.
You pierce the troll.
The troll is heavily wounded.
You slash the troll! Your squeeze misses the troll.
The troll is severely wounded.
The troll bites you!!
* * * LOW HITPOINT WARNING * * *
The troll misses you. You block the troll's attack.
You barely miss the troll.
Your tentacle spike misses the troll.
You slash the troll!
You kill the troll!
Cheibriados thoroughly appreciates the change of pace.
The troll leather armour is intact enough to wear.
The wyvern bites you!!
You die...

#.........#####....
#.........# #...#
#.........# #...#
#.........# #...#
####.........+
#...#
#............#
#.†.#
..#.............
.....#
........#####+##
#.....# #.#.#.#@#
#......
.......[l......
#......
#.#.#.#........
#......
.......a#######
#...... #.#.#.#..
......... #.#.#.#..
..........


You could see a wyvern and a worker ant.

Vanquished Creatures
  A troll (D:9)
  Prince Ribbit (D:5)
  Grinder (D:3)
  A wraith (D:7)
  A hungry ghost (D:8)
  A vampire (D:9)
  Edmund (D:4)
  Duvessa (D:5)
  An orc warrior (D:9)
  An ice beast (D:8)
  2 ogres
  2 centaurs (D:5)
  An elf zombie (D:7)
  A bullfrog (D:6)
  3 big kobolds (Sewer)
  Dowan (D:5)
  2 scorpions (D:8)
  6 killer bees (D:8)
  2 centaur zombies
  3 crimson imps
  A human zombie (D:7)
  2 quasits
  4 hounds
  3 jellies
  A centaur skeleton (D:8)
  2 bullfrog skeletons (D:7)
  6 orc wizards
  3 iguanas
  3 human skeletons (D:7)
  2 worker ants (D:6)
  A killer bee zombie (D:8)
  An ogre zombie (D:7)
  2 mummies (D:7)
  2 hound skeletons
  2 worker ant zombies (D:5)
  4 gnolls (D:4)
  14 adders
  A river rat (Sewer)
  3 oozes
  An adder zombie (D:7)
  7 worms
  2 dart slugs (D:1)
  5 leopard geckos
  24 orcs
  5 ball pythons
  10 bats
  4 giant cockroaches
  13 goblins
  10 hobgoblins
  6 jackals
  15 kobolds
  4 quokkas
  7 frilled lizards
  A giant cockroach zombie (D:5)
  A jackal zombie (D:8)
  A leopard gecko skeleton (D:4)
  A leopard gecko zombie (D:6)
  3 orc zombies (D:7)
  A quokka zombie (D:8)
  6 rats
  A spectral orc (D:6)
218 creatures vanquished.

Vanquished Creatures (others)
  Sigmund (D:5)
1 creature vanquished.

Grand Total: 219 creatures vanquished

Notes
Turn   | Place    | Note
-------+----------+-------------------------------------------
     0 | D:1      | Hugehornet the Octopode Transmuter began the quest for the
                  | Orb.
     0 | D:1      | Reached XP level 1. HP: 13/13 MP: 3/3
    92 | D:1      | Reached XP level 2. HP: 18/18 MP: 3/5
   230 | D:1      | Learned a level 2 spell: Sticks to Snakes
   495 | D:1      | Reached XP level 3. HP: 19/23 MP: 6/6
   500 | D:1      | Learned a level 3 spell: Spider Form
   976 | D:2      | Reached XP level 4. HP: 14/28 MP: 5/7
   977 | D:2      | Reached skill level 1 in Poison Magic
  1802 | D:3      | Reached XP level 5. HP: 24/33 MP: 8/8
  1813 | D:3      | Reached skill level 4 in Unarmed Combat
  1906 | D:3      | Found a glowing drain.
  1922 | Sewer    | Entered a sewer
  2088 | Sewer    | Noticed a big kobold
  2093 | Sewer    | Killed a big kobold
  2093 | Sewer    | Reached XP level 6. HP: 31/38 MP: 7/10
  2362 | Sewer    | Reached skill level 5 in Unarmed Combat
  2737 | D:3      | Noticed Grinder
  2756 | D:3      | Killed Grinder
  2756 | D:3      | Reached skill level 6 in Unarmed Combat
  2756 | D:3      | Reached XP level 7. HP: 16/43 MP: 9/13
  3041 | D:3      | Learned a level 4 spell: Ice Form
  3065 | D:3      | Found a white marble altar of Elyvilon.
  3385 | D:4      | Reached skill level 1 in Ice Magic
  3946 | D:4      | Found a radiant altar of Vehumet.
  3947 | D:4      | Noticed Edmund
  3961 | D:4      | Killed Edmund
  3961 | D:4      | Reached XP level 8. HP: 37/48 MP: 11/14
  4079 | D:4      | Learned a level 5 spell: Blade Hands
  4575 | D:5      | Entered Level 5 of the Dungeon
  4581 | D:5      | Reached skill level 7 in Unarmed Combat
  4693 | D:5      | Found Lier's Antique Weapon Emporium.
  4709 | D:5      | Noticed Sigmund
  4717 | D:5      | Killed Sigmund
  4906 | D:5      | Reached skill level 8 in Unarmed Combat
  4913 | D:5      | Gained mutation: You expend magic power (3 MP) to
                  | strengthen your wands. [potion of mutation]
  4913 | D:5      | Gained mutation: Your mind is acute. (Int +2) [potion of
                  | mutation]
  5144 | D:5      | Noticed Duvessa
  5150 | D:5      | Noticed Dowan
  5183 | D:5      | Killed Duvessa
  5183 | D:5      | Reached skill level 5 in Transmutations
  5190 | D:5      | Killed Dowan
  5259 | D:5      | Lost mutation: You expend magic power (3 MP) to strengthen
                  | your wands. [potion of mutation]
  5259 | D:5      | Lost mutation: Your mind is acute. (Int +2) [potion of
                  | mutation]
  5259 | D:5      | Gained mutation: Your natural rate of healing is unusually
                  | fast. [potion of mutation]
  5259 | D:5      | Gained mutation: One of your tentacles bears a spike.
                  | [potion of mutation]
  5259 | D:5      | Gained mutation: You are partially covered in slimy green
                  | scales. (AC +2) [potion of mutation]
  5357 | D:5      | Found a shimmering blue altar of Sif Muna.
  5403 | D:5      | Noticed Prince Ribbit
  5424 | D:5      | Killed Prince Ribbit
  5424 | D:5      | Reached XP level 9. HP: 37/53 MP: 13/15
  5879 | D:6      | Noticed a deep elf mage
  5882 | D:6      | Noticed yogakurto's ghost (novice DsFi)
  5891 | D:6      | Found an iron altar of Okawaru.
  6104 | D:6      | Found a transporter.
  6110 | D:6      | Found a transporter.
  6239 | D:6      | Found a basalt altar of Yredelemnul.
  6551 | D:7      | Found a staircase to the Ecumenical Temple.
  6561 | Temple   | Entered the Ecumenical Temple
  6745 | Temple   | Became a worshipper of Cheibriados the Contemplative
  6865 | D:7      | Reached skill level 9 in Unarmed Combat
  7241 | D:7      | Found an ancient bone altar of Kikubaaqudgha.
  7345 | D:7      | Found a shimmering altar of Xom.
  7516 | D:7      | Reached * piety under Cheibriados
  7552 | D:7      | Reached skill level 10 in Unarmed Combat
  7796 | D:8      | Found an ornate altar of the Wu Jian Council.
  8101 | D:8      | Reached ** piety under Cheibriados
  8187 | D:8      | Reached skill level 1 in Invocations
  8265 | D:8      | Found Loxohafu's Antique Weapon Emporium.
  8274 | D:8      | Reached XP level 10. HP: 60/60 MP: 16/16
  9118 | D:9      | Slain by a wyvern

Levels and vault maps discovered:
D:1:      evilmike_arrival_come_back, layout_basic
D:2:      layout_rooms
D:3:      layout_rooms, elyvilon_altar_3, cheibrodos_sewer_entry_bend,
          first_ration, chequers_mini_garden, minivault_27, uniq_grinder
D:4:      layout_loops_ring, vehumet_altar_wand_db, uniq_edmund
D:5:      layout_loops_ring, led_sif_pool, serial_shops, shop_fountains,
          uniq_sigmund, uniq_prince_ribbit1, uniq_duvessa
D:6:      layout_loops_ring, yredelemnul_forgotten_temple_becter,
          lemuel_round_altar, gammafunk_ghost_arena, grunt_ministairs_10
D:7:      layout_loops_ring, nicolae_overflow_crystal_walls,
          lemuel_mausoleum_altar_kikubaaqudgha, minmay_temple_entry_glass
D:8:      layout_basic, overflow_temple_1_default, serial_shops, shop
D:9:      layout_irregular_city, serial_glass, glass_columns_c, glass_columns_c,
          item_on_display_a
Temple:   minmay_temple_curvy_branch

Skill      XL: |  1  2  3  4  5  6  7  8  9 10 |
---------------+-------------------------------+-----
Transmutations | 3 4 6 7 |  7.0
Poison Magic   | 1 |  1.0
Unarmed Combat | 4 6 8 10 | 10.8
Spellcasting   | 4 |  4.3
Ice Magic      | 2 3 |  3.0
Invocations    | 1 2 |  2.8
Fighting       | 2 |  2.8
Dodging        | 3 |  3.4

Action                   |  1- 3 |  4- 6 |  7- 9 | 10-12 || total
-------------------------+-------+-------+-------+-------++-------
Melee: Unarmed           |    76 |   134 |   356 |    42 ||   608
       Kick              |    24 |    27 |    58 |    16 ||   125
       Constrict         |    25 |    33 |    32 |     5 ||    95
       Tentacles         |    13 |    16 |    33 |     7 ||    69
       Punch             |     1 |       |     9 |     3 ||    13
 Cast: Beastly Appendage |    18 |    22 |    19 |       ||    59
       Spider Form       |       |     2 |    18 |     1 ||    21
       Blade Hands       |       |       |     3 |     4 ||     7
 Abil: End Transformatio |       |       |     2 |     1 ||     3
  Use: Scroll            |       |     9 |     9 |     1 ||    19
       Potion            |       |       |     4 |     1 ||     5
 Stab: Sleeping          |     1 |     6 |    18 |     2 ||    27
  Eat: Chunk             |       |     3 |    20 |     3 ||    26
       Ration            |       |     1 |       |       ||     1
Armor: Skin              |     3 |    11 |    10 |     1 ||    25
Dodge: Dodged            |    45 |    84 |   177 |    16 ||   322
Block: Other             |    11 |    42 |    69 |     7 ||   129
       Reflection        |     1 |     3 |     2 |       ||     6
